AoeStats
← Sparten gio

Nomad

503602582Analyzed
1v1 RM · 1mo ago on Sep 1, 2026· 32m 29s· 2 players
Game mode
Random Map
Map size
126×126
Population
200
Speed
Normal
Resources
Standard
Victory
Conquest
Starting age
Dark Age
Ending age
Imperial Age
RankedLock teamsTeams togetherTeam positionsShared explorationLock speedFull tech treeHidden civsTurbo modeCheats
Victory
Defeat
🇺🇸 Berbers · United States
890
+16
🇫🇷 Cumans · France
900
-16
Sparten gio
7:44 Loom
14:06 Feudal Age
14:44 Double-Bit Axe
17:11 Forging
16:59 Fishing Lines
19:08 Bloodlines
19:06 Scale Barding Armor
23:26 Castle Age
25:56 Husbandry
28:02 Bow Saw
30:24 Iron Casting
31:18 Town Watch
32:08 Fletching
35:24 Imperial Age
Phaeril
5:53 Loom
13:58 Feudal Age
14:32 Horse Collar
14:40 Double-Bit Axe
14:48 Gold Mining
21:19 Wheelbarrow
22:24 Bloodlines
30:09 Castle Age
28:07 Town Watch
28:15 Fletching
28:36 Forging
28:17 Man-at-Arms
29:01 Scale Mail Armor
28:58 Stone Mining
30:38 Long Swordsman
Connection lost

Rejoining the realm…

Still unreachable

The connection could not be restored.

Session expired

The server has moved on; the page needs a fresh start.